 Dungeon Crawl Stone Soup version 0.19-a0-1007-g133f65f (console) character file.

18 brucemayne the Chopper (level 2, -2/34 HPs)
             Began as a Vampire Berserker on July 20, 2016.
             Was a Follower of Trog.
             Slain by Xiguana's ghost (5 damage)
             ... on level 3 of the Dungeon.
             The game lasted 00:01:51 (464 turns).

brucemayne the Chopper (Vampire Berserker)           Turns: 464, Time: 00:01:52

Health: -2/34      AC:  5    Str: 21    XL:     2   Next: 51%
Magic:  2/2        EV: 11    Int:  9    God:    Trog [*.....]
Gold:   101        SH:  0    Dex: 13    Spells: 0 memorised, 1 level left

rFire  . . .     SeeInvis +     a - +0 hand axe
rCold  . . .     Gourm    .     l - +0 ring mail
rNeg   + . .     Faith    .     (no shield)
rPois  .         Spirit   .     (no helmet)
rElec  .         Dismiss  .     (no cloak)
rCorr  .         Reflect  .     (no gloves)
SustAt .         Harm     .     (no boots)
MR     .....                    (no amulet)
Stlth  ..........               (no ring)
                                (no ring)

@: berserking (expiring), very quick, not resistant to hostile enchantments,
extremely unstealthy
A: fangs 3, see invisible, unbreathing
a: Berserk, Burn Spellbooks, Renounce Religion


You were on level 3 of the Dungeon.
You worshipped Trog.
Trog was aware of your devotion.
You were not thirsty.

You visited 1 branch of the dungeon, and saw 3 of its levels.

You collected 101 gold pieces.

Inventory:

Hand Weapons
 a - a +0 hand axe (weapon)
Armour
 b - a +0 animal skin
 l - a +0 ring mail (worn)
Wands
 i - a wand of paralysis (16/24)
Scrolls
 e - a scroll of enchant weapon {unknown}
 f - a scroll of teleportation
 g - a scroll of identify
 h - a scroll of enchant armour {unknown}
 j - a scroll of remove curse
 k - a scroll of recharging {unknown}
Potions
 c - 7 potions of blood
 d - 3 potions of mutation {unknown}
 m - a potion of heal wounds {unknown}


   Skills:
 - Level 2.6 Fighting
 + Level 3.5 Axes
 - Level 1.5 Armour
 - Level 2.1 Dodging


You had one spell level left.
You didn't know any spells.

Dungeon Overview and Level Annotations

Branches:
Dungeon (3/15)

Altars:
Elyvilon

Annotations:
D:3 Xiguana's ghost, amateur HESk


Innate Abilities, Weirdness & Mutations

You have razor-sharp teeth.
You have supernaturally acute eyesight. (SInv)
You can survive without breathing.


Message History

You barely miss Xiguana's ghost.
Xiguana's ghost is lightly damaged.
Xiguana's ghost hits you.
You hit Xiguana's ghost.
Xiguana's ghost is lightly damaged.
Xiguana's ghost hits you.
You hit Xiguana's ghost.
Xiguana's ghost is moderately damaged.
Xiguana's ghost hits you!
* * * LOW HITPOINT WARNING * * *
You hit Xiguana's ghost.
Xiguana's ghost is heavily damaged.
You slash Xiguana's ghost! You bite Xiguana's ghost.
Xiguana's ghost is almost destroyed.
Xiguana's ghost hits you.
* * * LOW HITPOINT WARNING * * *
You hit Xiguana's ghost but do no damage.
Xiguana's ghost is almost destroyed.
Xiguana's ghost hits you.
You die...

########## # #
.######## .#
........###.#
#.#
#.#............#
#.###.#
####.######.##
...##.#
#....)@W.$....
#..##.##
#.##.######.##
...#...# #.##.#
.#..#.#.###.##.#
...##.##.##.##.#
#.....)(....##)#
##.##.##.#####.#
##<#.#.## #.#
#....


You could see Xiguana's ghost.

Vanquished Creatures
  A worm (D:2)
  2 bats (D:2)
  A giant cockroach (D:1)
  3 goblins
  2 hobgoblins
  3 kobolds
  A giant newt (D:1)
  3 rats
16 creatures vanquished.

Notes
Turn   | Place    | Note
-------+----------+-------------------------------------------
     0 | D:1      | brucemayne the Vampire Berserker began the quest for the Orb.
     0 | D:1      | Reached XP level 1. HP: 17/17 MP: 1/1
    56 | D:1      | Reached skill level 3 in Axes
   157 | D:2      | Found a faded altar of an unknown god.
   172 | D:2      | Reached XP level 2. HP: 17/23 MP: 2/2
   267 | D:2      | Found a white marble altar of Elyvilon.
   452 | D:3      | Noticed Xiguana's ghost (amateur HESk)
   464 | D:3      | Slain by Xiguana's ghost

Vault maps used:
D:1:      dpeg_arrival_short_road, minmay_curled_crystal
D:2:      elyvilon_altar_5, ecumenical_altar_2, serial_bayou_pond_c
D:3:      lemuel_crystal_altar, first_bread

Skill      XL: |  1 |
---------------+----+-----
Axes           | 3 |  3.5
Fighting       | |  2.6
Armour         | |  1.5
Dodging        | |  2.1

Action                   || total
-------------------------++-------
Melee: Hand axe          ||    54
       Bite              ||     5
Invok: Berserk           ||     2
  Use: Scroll            ||     4
       Potion            ||     2
Armor: Animal skin       ||    13
       Ring mail         ||     3
Dodge: Dodged            ||    45
